[Event "Titled Tuesday Blitz June 20 Early 2023"]
[White "Vovk, Orest"]
[Black "Amilal Munkhdalai"]
[WhiteFideId "14113490"]
[BlackFideId "4903250"]
[WhiteElo "2215"]
[BlackElo "2293"]
[Result "0-1"]
[Round "5"]
[TimeControl "180+2"]
[Date "2023.06.20"]
[WhiteClock "0:00:00"]
[BlackClock "0:00:48"]
[Board "96"]

1. g4 d5 2. h3 e5 3. Bg2 h5 4. d4 e4 5. c4 hxg4 6. Nc3 gxh3 7. Bxh3 Bxh3 8. Rxh3 Rxh3 9. Nxh3 Qh4 10. Qb3 Nd7 11. Nf4 e3 12. Bxe3 Qh1+ 13. Kd2 Qxa1 14. Ncxd5 O-O-O 15. Kc2 Qh1 16. Qa4 a6 17. c5 Ngf6 18. f3 Nxd5 19. Nxd5 Nxc5 20. dxc5 Rxd5 21. Qh4 Qd1+ 22. Kc3 Qxe2 23. Qg4+ Kb8 24. Qe4 Rd8 25. c6 b6 26. Bxb6 Qd2+ 0-1


[Site "https://www.chess.com"]

[Event "Titled Tuesday Blitz June 20 Early 2023"]
[White "Kokoszczynski, Jan"]
[Black "Gorovets, Andrey"]
[WhiteFideId "1174460"]
[BlackFideId "13504037"]
[WhiteElo "2139"]
[BlackElo "2459"]
[Result "1/2-1/2"]
[Round "5"]
[TimeControl "180+2"]
[Date "2023.06.20"]
[WhiteClock "0:00:04"]
[BlackClock "0:00:24"]
[Board "97"]

1. d4 Nf6 2. c4 e6 3. Nc3 Bb4 4. e3 b6 5. Nf3 Bb7 6. Bd2 O-O 7. a3 Bxc3 8. Bxc3 Ne4 9. Rc1 d6 10. Be2 Nd7 11. O-O Qe7 12. d5 e5 13. Be1 f5 14. Nd2 Nxd2 15. Qxd2 f4 16. Bg4 Nc5 17. Qc2 Bc8 18. Bxc8 Raxc8 19. b4 Nd7 20. exf4 Rxf4 21. Bd2 Rf7 22. Be3 Rcf8 23. c5 Nf6 24. Qd3 Ng4 25. h3 Nxe3 26. Qxe3 Qh4 27. cxb6 cxb6 28. Rc6 Rf6 29. f3 Rg6 30. Rf2 h6 31. Qc3 Rf5 32. Rc8+ Kh7 33. Ra8 Rg3 34. Qc8 Rf4 35. Qg8+ Kg6 36. Qe6+ Kh7 37. Qg8+ Kg6 38. Qe6+ Kh7 39. Qg8+ 1/2-1/2


[Site "https://www.chess.com"]

[Event "Titled Tuesday Blitz June 20 Early 2023"]
[White "Lamard, Guillaume"]
[Black "Papayan, Oleg"]
[WhiteFideId "600261"]
[BlackFideId "4193911"]
[WhiteElo "2413"]
[BlackElo "2167"]
[Result "1-0"]
[Round "5"]
[TimeControl "180+2"]
[Date "2023.06.20"]
[WhiteClock "0:00:17"]
[BlackClock "0:00:00"]
[Board "98"]

1. e4 e5 2. Nf3 Nc6 3. Bb5 Nf6 4. d3 Bc5 5. Bxc6 dxc6 6. Qe2 Qe7 7. Nbd2 Bg4 8. h3 Bh5 9. g4 Bg6 10. Nc4 Nd7 11. a3 a5 12. Ne3 f6 13. Nf5 Qf8 14. h4 h5 15. g5 fxg5 16. Bxg5 Bxf5 17. exf5 Qxf5 18. d4 e4 19. dxc5 Qxf3 20. Qxf3 exf3 21. O-O-O Nxc5 22. Rd4 O-O 23. Rg1 Rae8 24. b4 axb4 25. axb4 Ne6 26. Rd7 Rf7 27. Rxf7 Kxf7 28. Be3 Ke7 29. Kb2 Rf8 30. Ra1 Rf5 31. Ra7 b5 32. Ra8 Nf4 33. Rg8 Kf7 34. Rc8 Nd5 35. Bc5 Rf4 36. Rf8+ Ke6 37. Re8+ Kf7 38. Rf8+ Kg6 39. Re8 Rxh4 40. Re6+ Kf5 41. Rxc6 g5 42. Rh6 g4 43. Kc1 Rh2 44. Kd2 h4 45. Kd3 g3 46. fxg3 hxg3 47. Ra6 1-0


[Site "https://www.chess.com"]

[Event "Titled Tuesday Blitz June 20 Early 2023"]
[White "Rastbod, Ali"]
[Black "Baches Garcia, Guillermo"]
[WhiteFideId "12567477"]
[BlackFideId "2209764"]
[WhiteElo "2281"]
[BlackElo "2481"]
[Result "1/2-1/2"]
[Round "5"]
[TimeControl "180+2"]
[Date "2023.06.20"]
[WhiteClock "0:00:20"]
[BlackClock "0:00:22"]
[Board "99"]

1. e4 c5 2. Nc3 a6 3. Nf3 d6 4. d4 cxd4 5. Nxd4 Nf6 6. Bd3 g6 7. Nd5 Nxd5 8. exd5 Qa5+ 9. c3 Qxd5 10. Qe2 Qxg2 11. Be4 Qg4 12. Bf3 Qd7 13. Bg5 Bg7 14. O-O-O h6 15. Bh4 g5 16. Bg3 O-O 17. h4 g4 18. Be4 Nc6 19. Kb1 Nxd4 20. cxd4 f5 21. Bc2 e6 22. f3 gxf3 23. Qxf3 Qc6 24. Qh5 b5 25. Rhg1 Ra7 26. Bf4 Rf6 27. Bb3 Qe4+ 28. Ka1 Qxf4 29. Qe8+ Rf8 30. Bxe6+ Bxe6 31. Qxe6+ Raf7 32. Rg6 Kh7 33. Rdg1 Qxd4 34. Rxh6+ Kg8 35. Rxg7+ Qxg7 36. Rg6 f4 37. Rxg7+ Kxg7 38. Qg4+ Kh7 39. Qh5+ Kg7 40. Qg5+ Kh7 41. Qh5+ Kg7 42. Qg5+ Kh7 43. Qh5+ 1/2-1/2


[Site "https://www.chess.com"]

[Event "Titled Tuesday Blitz June 20 Early 2023"]
[White "Luna Javier, Edgar Froylan"]
[Black "Begmuratov, Alisher"]
[WhiteFideId "5120101"]
[BlackFideId "14203367"]
[WhiteElo "2091"]
[BlackElo "2387"]
[Result "0-1"]
[Round "5"]
[TimeControl "180+2"]
[Date "2023.06.20"]
[WhiteClock "0:00:00"]
[BlackClock "0:00:10"]
[Board "100"]

1. d4 d5 2. Nf3 e6 3. g3 Nf6 4. Bg2 Be7 5. O-O O-O 6. c4 c5 7. cxd5 exd5 8. Nc3 h6 9. Bf4 Nc6 10. dxc5 Bxc5 11. Rc1 Bb6 12. Nb5 Bg4 13. Nd6 Ne4 14. Qxd5 Re8 15. Qxf7+ Kh7 16. Nxe8 Qxe8 17. Qxb7 Rc8 18. Ne5 Nxf2 19. Rxf2 Nxe5 20. Rxc8 Bxc8 21. Qe4+ Qg6 22. Qxg6+ Nxg6 23. e3 Nxf4 24. exf4 Be6 25. Be4+ Kg8 26. b3 Bh3 27. Bg2 Be6 28. Bf1 Kf8 29. Kg2 Bd5+ 30. Rf3 Ke7 31. Bc4 Be4 32. g4 Kf6 33. Kg3 Bxf3 34. Kxf3 g5 35. f5 Ke5 36. h3 Bc5 37. Bf7 a5 38. Bg6 Bd4 39. Ke2 Bc5 40. Kd3 Bb4 41. Kc4 Be1 42. Kb5 Bc3 43. a3 Kd6 44. b4 axb4 45. axb4 Bd2 46. Kc4 Ke5 47. Kc5 Be3+ 48. Kc6 Kf6 49. b5 Ke7 50. Kc7 Bf4+ 51. Kc8 Be3 52. Kc7 Bf4+ 53. Kc6 Be3 54. b6 Bd4 55. Kc7 Be5+ 56. Kc8 Kd6 57. b7 Kd5 58. b8=Q Bxb8 59. Kxb8 Ke5 60. Kc7 Kf4 61. f6 Kg3 62. f7 Kxh3 63. Bh5 Kg3 64. f8=Q Kg2 65. Qxh6 Kh2 0-1


[Site "https://www.chess.com"]

[Event "Titled Tuesday Blitz June 20 Early 2023"]
[White "Idani, Pouya"]
[Black "Flynn, Jacob"]
[WhiteFideId "12510130"]
[BlackFideId "2509393"]
[WhiteElo "2574"]
[BlackElo "2053"]
[Result "1-0"]
[Round "5"]
[TimeControl "180+2"]
[Date "2023.06.20"]
[WhiteClock "0:00:17"]
[BlackClock "0:00:04"]
[Board "101"]

1. e4 e5 2. Nf3 Nc6 3. Bb5 a6 4. Bxc6 dxc6 5. O-O f6 6. d4 exd4 7. Nxd4 Bd6 8. Nc3 Ne7 9. Be3 c5 10. Nb3 b6 11. Qh5+ g6 12. Qh6 Be6 13. Qg7 Rf8 14. f4 a5 15. Rad1 a4 16. Nd2 Qb8 17. Qxh7 a3 18. b3 Qb7 19. Nc4 Bxc4 20. bxc4 O-O-O 21. Nd5 Nxd5 22. cxd5 g5 23. fxg5 Rh8 24. Qf5+ Kb8 25. h3 fxg5 26. e5 Rdf8 27. Qe4 Be7 28. c4 Qa6 29. d6 Bd8 30. d7 Qa4 31. e6 Be7 32. Rde1 Qb4 33. Rxf8+ Rxf8 34. Rd1 Qb2 35. Bxg5 Bxg5 36. e7 Qf2+ 37. Kh1 Bxe7 38. Qxe7 Kb7 39. Qxf8 Qxf8 40. d8=Q Qf2 41. Qd2 Qf5 42. Qd5+ Qxd5 43. Rxd5 Ka6 44. Rd3 Ka5 45. Rb3 Ka4 46. h4 b5 47. h5 c6 48. h6 bxc4 49. Rc3 Kb4 50. Rc1 c3 51. h7 c2 52. h8=Q Kc4 53. Rxc2+ 1-0


[Site "https://www.chess.com"]

[Event "Titled Tuesday Blitz June 20 Early 2023"]
[White "Bettalli, Francesco"]
[Black "Arabidze, Meri"]
[WhiteFideId "2816453"]
[BlackFideId "13604040"]
[WhiteElo "2216"]
[BlackElo "2405"]
[Result "0-1"]
[Round "5"]
[TimeControl "180+2"]
[Date "2023.06.20"]
[WhiteClock "0:00:27"]
[BlackClock "0:00:09"]
[Board "102"]

1. d4 f5 2. g4 d5 3. gxf5 Bxf5 4. Nc3 Nc6 5. Nf3 e6 6. h4 Bb4 7. e3 Nf6 8. Bd3 Ne4 9. Bd2 Bxc3 10. Bxc3 Nxc3 11. bxc3 O-O 12. Ng5 Qf6 13. Bxf5 Qxf5 14. Qe2 e5 15. O-O-O exd4 16. cxd4 Qxf2 17. Qh5 h6 18. Qg6 Qf5 19. Qxf5 Rxf5 20. Ne6 Re8 21. Nxc7 Rxe3 22. Nb5 Rf4 23. c3 a6 24. Nc7 Rxc3+ 25. Kb2 Rg3 26. Nxd5 Rf2+ 27. Ka1 Rgg2 28. Nc3 Rc2 29. Rc1 Nxd4 30. Rxc2 Nxc2+ 31. Kb2 Nd4+ 32. Ka3 Rg3 33. Kb4 b5 34. Nd5 Nc2+ 35. Kc5 Ne3 36. Ne7+ Kf7 37. Nc6 Nc4 38. a4 Na3 39. a5 Nc4 40. Ra1 Rg4 41. Nb8 Rxh4 42. Nxa6 Rh5+ 43. Kd4 Rh4+ 44. Kc5 Rh5+ 45. Kd4 Ne5 46. Nc7 Nc6+ 47. Ke4 b4 48. a6 b3 49. Kd3 b2 50. Rf1+ Kg8 51. Kc2 Rh2+ 52. Kb1 h5 53. Nd5 Kh7 54. Rg1 h4 55. Rg4 Kh6 56. Nb4 Na7 57. Nd3 g5 58. Rb4 Kh5 59. Ne5 Re2 60. Nf3 h3 61. Rb7 Kg4 62. Nxg5 Kxg5 63. Rxa7 h2 64. Rh7 Kg6 65. a7 Kxh7 66. a8=Q Re1+ 67. Kxb2 h1=Q 68. Qa7+ Kg6 69. Qb6+ Kg5 70. Qa5+ Kf4 71. Qb4+ Qe4 72. Qf8+ Qf5 73. Qb4+ Re4 74. Qd2+ Ke5 75. Qa5+ Kf6 76. Qb6+ Kg5 77. Qg1+ Rg4 78. Qe3+ Qf4 79. Qe7+ Kf5 80. Qd7+ Ke4 81. Qa4+ Kf3 82. Qb3+ Kg2 83. Qd5+ Qf3 84. Qe5 Qf2+ 85. Kc3 Qg3+ 86. Qxg3+ Rxg3+ 87. Kd4 Kf3 88. Ke5 Rg4 89. Kd6 Re4 90. Kc6 Kf4 91. Kd7 Ke5 92. Kc7 Kd5 93. Kb6 Re6+ 94. Kc7 Rd6 95. Kb7 Rc6 96. Kb8 Kc5 97. Ka8 Kb6 98. Kb8 Rc7 99. Ka8 Rc8# 0-1


[Site "https://www.chess.com"]

[Event "Titled Tuesday Blitz June 20 Early 2023"]
[White "Titichoca Daza, Daniel"]
[Black "Sadykov, Ramil"]
[WhiteFideId "3309550"]
[BlackFideId "24113590"]
[WhiteElo "2101"]
[BlackElo "2245"]
[Result "0-1"]
[Round "5"]
[TimeControl "180+2"]
[Date "2023.06.20"]
[WhiteClock "0:00:00"]
[BlackClock "0:00:03"]
[Board "103"]

1. c4 c5 2. Nf3 Nc6 3. Nc3 e5 4. e3 f5 5. d4 e4 6. d5 exf3 7. dxc6 dxc6 8. Qxd8+ Kxd8 9. gxf3 Be6 10. b3 Nf6 11. Bb2 Bd6 12. O-O-O Ke7 13. h4 Rad8 14. Ne2 Kf7 15. Re1 Nd7 16. Nf4 Be5 17. Rg1 g6 18. h5 Bxb2+ 19. Kxb2 Ne5 20. Be2 Rd2+ 21. Kc3 Rxa2 22. Ra1 Rxa1 23. Rxa1 a6 24. Ra5 Nd7 25. h6 g5 26. Nh3 Rg8 27. f4 gxf4 28. Bh5+ Kf6 29. exf4 Rg2 30. Ng5 Nf8 31. Rxc5 Rxf2 32. Bf3 Rh2 33. Bxc6 bxc6 34. Rxc6 Rxh6 35. Rxa6 Rh4 36. c5 Rxf4 37. c6 Kxg5 38. c7 Bd7 39. Ra8 Ne6 40. Rd8 Nxc7 41. Rxd7 Nb5+ 42. Kc2 h5 43. Rd5 Nd4+ 44. Kc3 Nc6 45. Rd6 Ne5 46. b4 h4 47. b5 h3 48. b6 h2 49. Rd1 Rc4+ 50. Kb3 Rc6 51. Rh1 Ng4 0-1


[Site "https://www.chess.com"]

[Event "Titled Tuesday Blitz June 20 Early 2023"]
[White "Vlassov, Nikolai"]
[Black "Rohde, Michael"]
[WhiteFideId "4103360"]
[BlackFideId "2000172"]
[WhiteElo "2324"]
[BlackElo "2274"]
[Result "0-1"]
[Round "5"]
[TimeControl "180+2"]
[Date "2023.06.20"]
[WhiteClock "0:00:00"]
[BlackClock "0:00:07"]
[Board "104"]

1. e4 c5 2. c3 Nf6 3. e5 Nd5 4. d4 cxd4 5. cxd4 e6 6. Nc3 d6 7. f4 Be7 8. Nf3 Nc6 9. Bd3 Nxc3 10. bxc3 b6 11. O-O Bb7 12. f5 exf5 13. Bxf5 dxe5 14. d5 Bc5+ 15. Kh1 Ne7 16. Qa4+ Kf8 17. Ng5 Nxf5 18. Rxf5 Qxd5 19. Rxf7+ Kg8 20. Qg4 h6 21. Rd7 Qxg2+ 22. Qxg2 Bxg2+ 23. Kxg2 hxg5 24. Bxg5 Kh7 25. Rf1 Rhf8 26. Rxf8 Rxf8 27. Rxa7 Rf2+ 28. Kg3 Rc2 29. Bf6 Rxc3+ 30. Kg4 Kg6 31. Bxe5 Rc4+ 32. Kf3 Kf5 33. Bxg7 Rh4 34. Kg3 Rh7 35. h4 Bd6+ 36. Kf3 Be5 37. Rf7+ Ke6 38. Bxe5 Rxf7+ 39. Bf4 Kf5 40. h5 Ra7 41. h6 Ra3+ 42. Be3 Kg6 43. Ke4 b5 44. Kd4 Rxa2 45. Kc5 Rb2 0-1


[Site "https://www.chess.com"]

[Event "Titled Tuesday Blitz June 20 Early 2023"]
[White "Jakubowski, Krzysztof"]
[Black "Jovic, Stanoje"]
[WhiteFideId "1112848"]
[BlackFideId "905020"]
[WhiteElo "2359"]
[BlackElo "2236"]
[Result "1-0"]
[Round "5"]
[TimeControl "180+2"]
[Date "2023.06.20"]
[WhiteClock "0:00:23"]
[BlackClock "0:00:00"]
[Board "105"]

1. e4 c6 2. Nf3 d5 3. d3 dxe4 4. dxe4 Qxd1+ 5. Kxd1 Bg4 6. Be2 Bxf3 7. Bxf3 h5 8. Be2 g6 9. a4 Nd7 10. Be3 Bh6 11. f4 e5 12. g3 Ngf6 13. Nd2 Ng4 14. Bxg4 hxg4 15. Ke2 exf4 16. gxf4 f5 17. h3 gxh3 18. Rxh3 Bg7 19. Rxh8+ Bxh8 20. e5 Nf8 21. Nc4 b6 22. a5 b5 23. Nd6+ Kd7 24. Nb7 Ne6 25. Rd1+ Kc7 26. Nc5 Nxc5 27. Bxc5 g5 28. Ke3 Re8 29. Bd6+ Kb7 30. Rh1 g4 31. Rh7+ Ka6 32. b4 g3 33. Bc5 Ra8 34. Kf3 Bxe5 35. fxe5 f4 36. Rg7 g2 37. Kxg2 f3+ 38. Kf2 1-0


[Site "https://www.chess.com"]

[Event "Titled Tuesday Blitz June 20 Early 2023"]
[White "Kumsiashvili, Nikoloz"]
[Black "Andreev, Konstantin"]
[WhiteFideId "13600621"]
[BlackFideId "24239305"]
[WhiteElo "2299"]
[BlackElo "2106"]
[Result "1-0"]
[Round "5"]
[TimeControl "180+2"]
[Date "2023.06.20"]
[WhiteClock "0:00:06"]
[BlackClock "0:00:07"]
[Board "106"]

1. c4 Nf6 2. Nf3 e6 3. Nc3 d5 4. d4 dxc4 5. e3 a6 6. a4 c5 7. Bxc4 Nc6 8. O-O Be7 9. Qe2 cxd4 10. Rd1 e5 11. exd4 Nxd4 12. Qxe5 Nxf3+ 13. gxf3 Bd7 14. Nd5 Nxd5 15. Bxd5 O-O 16. Bxb7 Ra7 17. Be4 Bf6 18. Qd6 Bh3 19. Qxd8 Rxd8 20. Rxd8+ Bxd8 21. Be3 Rd7 22. b4 Rd6 23. Bc5 Re6 24. b5 Re5 25. Be3 f5 26. Bc6 Kh8 27. Rd1 Be7 28. Bf4 Re6 29. Kh1 axb5 30. axb5 Rg6 31. Rg1 Re6 32. Bd5 Rb6 33. Bc6 Kg8 34. Bc7 Rxc6 35. bxc6 Bc5 36. Bf4 g5 37. c7 1-0


[Site "https://www.chess.com"]

[Event "Titled Tuesday Blitz June 20 Early 2023"]
[White "Womacka, Mathias"]
[Black "Srdanovic, Jovana"]
[WhiteFideId "4611390"]
[BlackFideId "954810"]
[WhiteElo "2377"]
[BlackElo "2155"]
[Result "1-0"]
[Round "5"]
[TimeControl "180+2"]
[Date "2023.06.20"]
[WhiteClock "0:00:39"]
[BlackClock "0:00:09"]
[Board "107"]

1. e4 e5 2. Nf3 Nc6 3. Bb5 a6 4. Bxc6 dxc6 5. O-O Bd6 6. d4 f6 7. dxe5 fxe5 8. Nxe5 Nf6 9. Nf3 Bc5 10. Qxd8+ Kxd8 11. Nc3 Bg4 12. Bf4 Bb6 13. Rad1+ Ke7 14. Na4 Rac8 15. Nxb6 cxb6 16. Rd3 Kf7 17. Ne5+ Ke7 18. Nxg4 Nxg4 19. Rfd1 Nf6 20. Bg5 h6 21. Rd7+ Ke6 22. Bxf6 Kxf6 23. Rxb7 Rhd8 24. Rdd7 Rxd7 25. Rxd7 b5 26. f4 g6 27. Kf2 a5 28. Ke3 c5 29. e5+ Ke6 30. Rd6+ Kf5 31. Kf3 h5 32. Rf6# 1-0


[Site "https://www.chess.com"]

[Event "Titled Tuesday Blitz June 20 Early 2023"]
[White "Ilkhomi, Jaloliddin"]
[Black "Principe, Alexander"]
[WhiteFideId "14700948"]
[BlackFideId "3804542"]
[WhiteElo "2045"]
[BlackElo "2203"]
[Result "0-1"]
[Round "5"]
[TimeControl "180+2"]
[Date "2023.06.20"]
[WhiteClock "0:00:37"]
[BlackClock "0:01:24"]
[Board "108"]

1. Nf3 Nf6 2. c4 g6 3. Nc3 Bg7 4. e4 d6 5. d4 O-O 6. Be2 e5 7. dxe5 dxe5 8. Qxd8 Rxd8 9. Bg5 Re8 10. Nd5 Nxd5 11. cxd5 c6 12. Bc4 cxd5 13. Bxd5 Nc6 14. O-O-O Bg4 15. Be3 Rac8 16. Kb1 b6 17. h3 Bxf3 18. gxf3 Nd4 19. f4 Nc2 20. Bd2 exf4 21. Bxf4 Nb4 22. f3 Rc2 23. Rd2 Rxd2 24. Bxd2 Nxd5 25. exd5 Rd8 26. Re1 Bf6 27. Bh6 Bg7 28. Bg5 f6 29. Bf4 Kf7 30. d6 Bf8 31. Rd1 Ke6 32. Re1+ Kf5 33. Bg3 Bxd6 34. Bxd6 Rxd6 35. Re7 h5 36. Rxa7 Kf4 37. Rg7 g5 38. Rh7 h4 39. b4 Kxf3 40. a4 Kg3 41. Rd7 Rxd7 0-1


[Site "https://www.chess.com"]

[Event "Titled Tuesday Blitz June 20 Early 2023"]
[White "Heinemann, Josefine"]
[Black "Budrewicz, Krzysztof"]
[WhiteFideId "12900460"]
[BlackFideId "1127950"]
[WhiteElo "2342"]
[BlackElo "2230"]
[Result "0-1"]
[Round "5"]
[TimeControl "180+2"]
[Date "2023.06.20"]
[WhiteClock "0:00:02"]
[BlackClock "0:00:43"]
[Board "109"]

1. d4 g6 2. e4 Bg7 3. Nc3 d6 4. Nf3 a6 5. Be2 b5 6. a3 Bb7 7. O-O Nd7 8. Re1 e6 9. h3 Ne7 10. Be3 O-O 11. Qd2 c5 12. dxc5 Nxc5 13. Rad1 Nxe4 14. Nxe4 Bxe4 15. Qxd6 Qxd6 16. Rxd6 Bxc2 17. Rd2 Be4 18. Bc5 Bf6 19. Nh2 h5 20. Bxb5 Bxg2 21. Kxg2 axb5 22. Rd7 Rfe8 23. Nf3 Nd5 24. Bd4 Bxd4 25. Nxd4 b4 26. axb4 Nxb4 27. Nf3 Red8 28. Rb7 Rab8 29. Rxb8 Rxb8 30. Ne5 Rb5 31. Re4 Nd5 32. Ra4 Nb6 33. Re4 Rxb2 34. Rf4 f5 35. Nxg6 Kg7 36. Ne5 Kf6 37. Nd3 Rd2 38. Nc5 Nd5 39. Rh4 Rc2 40. Nd3 Kg5 41. Ra4 Rd2 42. Ne5 Nf4+ 43. Kg3 h4+ 44. Kf3 Nxh3 45. Nf7+ Kf6 46. Nh6 Nxf2 47. Rxh4 Ne4 48. Ng8+ Ke5 49. Ne7 Rd3+ 50. Ke2 Ra3 51. Ng6+ Kf6 52. Nf8 Ng5 53. Nd7+ Ke7 54. Nc5 Rc3 55. Nd3 Nf7 56. Rh7 Kf6 57. Rh4 Ra3 58. Rh1 e5 59. Nc5 e4 60. Nd7+ Ke7 61. Nc5 Ne5 62. Rh7+ Kd6 63. Nb7+ Kd5 64. Re7 f4 65. Nd8 Ra2+ 66. Ke1 Nd3+ 67. Kf1 f3 68. Rd7+ Kc4 69. Rc7+ Kb5 70. Rb7+ Ka6 71. Re7 Ra1# 0-1


[Site "https://www.chess.com"]

[Event "Titled Tuesday Blitz June 20 Early 2023"]
[White "Arencibia Monduy, Antonio"]
[Black "Gomez Barrera, Javiera Belen"]
[WhiteFideId "3507939"]
[BlackFideId "3418723"]
[WhiteElo "2590"]
[BlackElo "2119"]
[Result "0-1"]
[Round "5"]
[TimeControl "180+2"]
[Date "2023.06.20"]
[WhiteClock "0:00:00"]
[BlackClock "0:01:18"]
[Board "110"]

1. e4 d6 2. d4 Nf6 3. Nc3 e5 4. h3 exd4 5. Qxd4 Nc6 6. Qd1 g6 7. Nf3 Bg7 8. Bc4 O-O 9. O-O Ne5 10. Nxe5 dxe5 11. Qe2 c6 12. Be3 b5 13. Bd3 Be6 14. Bc5 Re8 15. Rad1 Qc7 16. a3 Nh5 17. Qf3 Nf4 18. Ne2 Nxd3 19. Qxd3 Rad8 20. Qe3 Rxd1 21. Rxd1 Rd8 22. Rxd8+ Qxd8 23. Nc3 a6 24. Qd3 Qg5 25. Be3 Qe7 26. Qd2 h5 27. Bg5 Qc5 28. Qd8+ Kh7 29. Be3 Qf8 30. Qc7 Qc8 31. Qe7 Qd7 0-1


[Site "https://www.chess.com"]

[Event "Titled Tuesday Blitz June 20 Early 2023"]
[White "Hajiyev, Kanan"]
[Black "Grossboss19"]
[WhiteFideId "13404148"]
[WhiteElo "2115"]
[BlackElo "2442"]
[Result "1-0"]
[Round "5"]
[TimeControl "180+2"]
[Date "2023.06.20"]
[WhiteClock "0:00:24"]
[BlackClock "0:00:15"]
[Board "111"]

1. d4 Nf6 2. Nf3 g6 3. c4 Bg7 4. g3 O-O 5. Bg2 d5 6. O-O dxc4 7. Na3 c6 8. Nxc4 Be6 9. b3 Nbd7 10. Bb2 Nb6 11. Qc2 Bf5 12. Qc1 Be4 13. a4 Nfd5 14. Rd1 Nb4 15. a5 N6d5 16. Ncd2 Bf5 17. e4 Nd3 18. Qb1 Nxb2 19. Qxb2 Bg4 20. exd5 Qxd5 21. h3 Bxf3 22. Nxf3 Rfd8 23. a6 Rab8 24. axb7 Qb5 25. Rxa7 c5 26. Qa3 cxd4 27. Qxe7 Qxb3 28. Rd2 Qc3 29. Kh2 d3 30. Ra3 Qc1 31. Raxd3 Rxd3 32. Rxd3 Qb1 33. Rd8+ 1-0


[Site "https://www.chess.com"]

[Event "Titled Tuesday Blitz June 20 Early 2023"]
[White "Prydun, Andriy"]
[Black "Bodnaruk, Anastasia"]
[WhiteFideId "14145898"]
[BlackFideId "4181751"]
[WhiteElo "2164"]
[BlackElo "2304"]
[Result "0-1"]
[Round "5"]
[TimeControl "180+2"]
[Date "2023.06.20"]
[WhiteClock "0:00:00"]
[BlackClock "0:00:37"]
[Board "112"]

1. e4 c5 2. Nf3 d6 3. c3 Nf6 4. h3 Nbd7 5. Bd3 b6 6. O-O Bb7 7. Re1 e6 8. Bc2 Be7 9. d4 O-O 10. Bf4 Rc8 11. Nbd2 cxd4 12. cxd4 b5 13. Rc1 Nb6 14. Bd3 a6 15. Rb1 Nc4 16. Nxc4 bxc4 17. Bc2 Qb6 18. Bd2 d5 19. e5 Ne4 20. Bc3 f5 21. exf6 Bxf6 22. Bxe4 dxe4 23. Ne5 Bxe5 24. dxe5 Qxf2+ 25. Kh1 e3 26. Qg4 Rf4 27. Qxe6+ Kh8 28. Rg1 Qg3 29. Rbd1 Rcf8 30. Rd6 Bxg2+ 31. Rxg2 Rf1+ 0-1


[Site "https://www.chess.com"]

[Event "Titled Tuesday Blitz June 20 Early 2023"]
[White "Sai Han Thiha"]
[Black "Adla, Diego"]
[WhiteFideId "13012290"]
[BlackFideId "100072"]
[WhiteElo "1953"]
[BlackElo "2377"]
[Result "0-1"]
[Round "5"]
[TimeControl "180+2"]
[Date "2023.06.20"]
[WhiteClock "0:02:17"]
[BlackClock "0:01:45"]
[Board "113"]

1. d4 Nf6 2. c4 e6 3. Nf3 d5 4. Nc3 Bb4 5. Qa4+ Nc6 6. cxd5 exd5 7. Bg5 O-O 8. e3 h6 9. Bxf6 Qxf6 10. Be2 Bd6 11. Nxd5 Qg6 12. O-O Bd7 13. Qd1 Rad8 14. Bd3 Qh5 15. Be4 Rfe8 16. Nd2 Qxh2# 0-1


[Site "https://www.chess.com"]

[Event "Titled Tuesday Blitz June 20 Early 2023"]
[White "Krishnan, Varun"]
[Black "Begunov, Konstantin"]
[WhiteFideId "5054508"]
[BlackFideId "4118510"]
[WhiteElo "2570"]
[BlackElo "1993"]
[Result "0-1"]
[Round "5"]
[TimeControl "180+2"]
[Date "2023.06.20"]
[WhiteClock "0:00:01"]
[BlackClock "0:00:14"]
[Board "114"]

1. d4 d5 2. c4 c6 3. Nc3 Nf6 4. e3 a6 5. Nf3 Bg4 6. h3 Bxf3 7. Qxf3 e6 8. Bd3 Be7 9. O-O O-O 10. b3 Nbd7 11. Bb2 Re8 12. e4 dxe4 13. Nxe4 Nxe4 14. Bxe4 Nf6 15. Bc2 Qa5 16. Rfe1 Ba3 17. Re5 Qb4 18. Bc3 Qf8 19. Rae1 Bb4 20. Bxb4 Qxb4 21. Rg5 Qxe1+ 22. Kh2 h6 23. Rg3 Kf8 24. Qf4 Rad8 25. Rd3 Qe4 26. Qc7 Rd7 27. Qb6 Red8 28. d5 cxd5 29. cxd5 Qe5+ 30. g3 Nxd5 31. Qc5+ Kg8 32. Rd4 g6 33. Rh4 Kg7 34. Qc4 Rc7 35. Qd3 Rc3 36. Qd2 g5 37. Re4 Qf6 38. h4 Rdc8 39. Bd1 Qg6 40. Rd4 Nf6 41. Kg2 gxh4 42. Rxh4 h5 43. Qd4 R3c5 44. Be2 Rd5 45. Qe3 Rcc5 46. Rb4 Re5 47. Qd2 b5 48. Rd4 Rcd5 49. Bf3 Rxd4 50. Qxd4 Rf5 51. Qe3 Qg5 52. Qe2 h4 53. g4 Re5 54. Qd3 Qf4 55. Be2 Nxg4 56. Bf3 Nf6 57. Kf1 Rf5 58. Be2 Qxf2# 0-1


[Site "https://www.chess.com"]

[Event "Titled Tuesday Blitz June 20 Early 2023"]
[White "Demin, Vladimir"]
[Black "Savitha Shri B"]
[WhiteFideId "4167457"]
[BlackFideId "35061887"]
[WhiteElo "2564"]
[BlackElo "2172"]
[Result "0-1"]
[Round "5"]
[TimeControl "180+2"]
[Date "2023.06.20"]
[WhiteClock "0:00:04"]
[BlackClock "0:00:21"]
[Board "115"]

1. d4 Nf6 2. Nc3 d5 3. Bf4 g6 4. e3 Bg7 5. Nb5 Na6 6. Nc3 c6 7. Bxa6 bxa6 8. Be5 O-O 9. Nge2 a5 10. O-O Ba6 11. Re1 h5 12. Nc1 Ng4 13. Bxg7 Kxg7 14. h3 Nf6 15. Nd3 Bxd3 16. Qxd3 Rb8 17. b3 Qd6 18. Na4 Ne4 19. c4 h4 20. Rac1 Rh8 21. f3 Nf6 22. e4 Qg3 23. exd5 Nh5 24. Qd2 Nf4 25. Kh1 cxd5 26. Rxe7 Rhe8 27. Ree1 Rxe1+ 28. Rxe1 Nxg2 29. Rf1 Nf4 30. Qh2 dxc4 31. bxc4 Rb4 32. Nc5 Rxc4 33. Qxg3 hxg3 34. Rd1 g2+ 35. Kh2 Rc2 36. Ne4 f5 37. Ng5 Kf6 38. h4 Rxa2 39. d5 Ke7 40. d6+ Kd7 41. Nf7 Re2 42. Kg3 Nd3 43. Kh2 Re1 44. Ne5+ Nxe5 45. Rxe1 Nxf3+ 46. Kxg2 Nxe1+ 47. Kf2 a4 48. Ke3 a3 0-1


[Site "https://www.chess.com"]

[Event "Titled Tuesday Blitz June 20 Early 2023"]
[White "Parpiev, Isaak"]
[Black "Rangel, Daniel"]
[WhiteFideId "34281576"]
[BlackFideId "2124475"]
[WhiteElo "2167"]
[BlackElo "2231"]
[Result "1-0"]
[Round "5"]
[TimeControl "180+2"]
[Date "2023.06.20"]
[WhiteClock "0:00:06"]
[BlackClock "0:00:06"]
[Board "116"]

1. Nf3 Nf6 2. b3 d5 3. Bb2 Bg4 4. e3 e6 5. c4 Nbd7 6. h3 Bh5 7. d4 Bb4+ 8. Bc3 a5 9. Be2 c5 10. O-O cxd4 11. Bxb4 axb4 12. exd4 O-O 13. c5 Ne4 14. Qe1 Qa5 15. a4 b6 16. c6 Nb8 17. Ne5 Bxe2 18. Qxe2 f6 19. Nd7 Re8 20. Nxb8 Raxb8 21. Nd2 Nc3 22. Qh5 Rbc8 23. Rfe1 Qa8 24. Nf1 Qxc6 25. Ng3 Ne4 26. Nxe4 dxe4 27. a5 bxa5 28. Rxa5 f5 29. Rc5 Qd7 30. Rd1 g6 31. Qe2 Red8 32. Qc4 Rxc5 33. Qxc5 Qd5 34. Qxb4 Rc8 35. Qb6 Rc2 36. Qb8+ Kg7 37. Qf4 Qxb3 38. Qe5+ Kh6 39. Qf4+ Kg7 40. d5 exd5 41. Qe5+ Kh6 42. Qf4+ Kg7 43. Qe5+ Kh6 44. Rxd5 Rc1+ 45. Kh2 Qb1 46. Qf4+ Kh5 47. Qg4+ Kh6 48. Qh4+ Kg7 49. Rd7+ Kg8 50. Qd8# 1-0


[Site "https://www.chess.com"]

[Event "Titled Tuesday Blitz June 20 Early 2023"]
[White "Sebag, Marie"]
[Black "KorolDimitriy75"]
[WhiteFideId "617822"]
[WhiteElo "2431"]
[BlackElo "2429"]
[Result "1-0"]
[Round "5"]
[TimeControl "180+2"]
[Date "2023.06.20"]
[WhiteClock "0:01:14"]
[BlackClock "0:00:00"]
[Board "117"]

1. e4 c5 2. Nc3 g6 3. d4 cxd4 4. Qxd4 Nf6 5. Nf3 Nc6 6. Qa4 d6 7. e5 dxe5 8. Nxe5 Bd7 9. Nxd7 Qxd7 10. Be3 Bg7 11. Bb5 O-O 12. O-O a6 13. Bxc6 bxc6 14. Rad1 Qb7 15. Qb3 Qc7 16. Qc4 Qb7 17. b3 Rfd8 18. h3 Nd5 19. Bd4 e5 20. Bc5 Nxc3 21. Qxc3 Rd5 22. Qe3 Rad8 23. Rde1 f5 24. c4 Rd3 25. Qe2 e4 26. Be3 R8d7 27. Rd1 Qb4 28. Rxd3 exd3 29. Qf3 Qd6 30. Rd1 Be5 31. g3 Kf7 32. h4 Qe6 33. Kg2 Bf6 34. Bf4 Qe4 35. Bd2 Bd4 36. Re1 Qe3 37. fxe3 1-0


[Site "https://www.chess.com"]